 Dungeon Crawl Stone Soup version 0.31-a0-175-g9f7f995f2b (webtiles) character file.

Game seed: 4798293631277298166

128 qw the Shooter (level 5, -6/49 HPs)
             Began as a Naga Hunter on June 16, 2023.
             Mangled by an orc
             ... wielding a +0 trident
              (7 damage)
             ... on level 3 of the Dungeon.
             The game lasted 00:00:43 (1761 turns).

qw the Shooter (Naga Hunter)                        Turns: 1761, Time: 00:00:43

Health: -6/49      AC:  7    Str: 13    XL:     5   Next: 12%
Magic:  5/5        EV:  9    Int: 10    God:
Gold:   77         SH:  0    Dex: 16    Spells: 4/4 levels left

rFire   . . .        Y - +0 shortbow
rCold   . . .        (shield currently unavailable)
rNeg    . . .        c - +0 leather armour
rPois   +            e - +0 helmet
rElec   .            f - +0 cloak
rCorr   .            d - +1 pair of gloves
SInv    +            (no barding)
Will    .....        (no amulet)
Stlth   ++           (no ring)
HPRegen 0.28/turn    (no ring)
MPRegen 0.09/turn

%: no passive effects
@: short of breath, very slow
A: AC +1, large, see invisible, deformed body, poison resistance, slowness 2,
spit poison 1, naga tail 1
a: Spit Poison


You were on level 3 of the Dungeon.
You visited 1 branch of the dungeon, and saw 3 of its levels.

You collected 77 gold pieces.


Innate Abilities, Weirdness & Mutations

Your serpentine skin is tough. (AC +1)
You have supernaturally acute eyesight. (SInv)
Armour fits poorly on your strangely shaped body.
Your system is resistant to poisons. (rPois)
You cover ground very slowly.
You can spit poison.
You have a snake-like lower body.


   Skills:
 - Level 3.0 Fighting
 + Level 5.3 Ranged Weapons
 - Level 1.5 Dodging
 - Level 1.5 Stealth


You had 4 spell levels left.
You didn't know any spells.
Your spell library was empty.

Inventory:

Hand Weapons
 Y - a +0 shortbow (weapon)
Armour
 c - a +0 leather armour (worn)
 d - a +1 pair of gloves (worn)
 e - a +0 helmet (worn)
 f - a +0 cloak (worn)
Scrolls
 a - a scroll of identify
 b - a scroll of immolation {unknown}
Potions
 g - a potion of berserk rage {unknown}
 h - a potion of attraction {unknown}
 i - a potion of curing {unknown}
 j - a potion of cancellation {unknown}

Dungeon Overview and Level Annotations

Branches:
Dungeon (3/15)

Altars:


Message History

The orc hits you but does no damage. The jackal bites you.
The jackal barely misses you.
1757 ||| INVOKING Spit Poison.
Aiming: Spit Poison (1% risk of failure)
Press: ? - help, Shift-Dir - straight line, f - orc The splash of poison misses the orc.
The jackal bites you but does no damage.
The orc hits you with a +0 short sword. The orc hits you but does no damage.
The jackal bites you.
The jackal bites you but does no damage.
You shoot an arrow. The arrow hits the hobgoblin.
The hobgoblin is severely wounded.
The jackal bites you but does no damage.
The orc hits you with a +0 short sword.
The hobgoblin hits you but does no damage.
The goblin hits you with a +0 dagger. The orc barely misses you.
The jackal bites you.
The jackal bites you but does no damage.
You shoot an arrow. The arrow hits the hobgoblin.
You kill the hobgoblin!
The jackal bites you but does no damage.
The goblin hits you but does no damage.
The orc hits you from afar with a +0 trident.
The jackal bites you but does no damage.
The jackal barely misses you. The orc hits you but does no damage.
The orc closely misses you. The goblin hits you but does no damage.
The orc hits you with a +0 club.
You shoot an arrow. The arrow hits the orc.
The orc is moderately wounded.
The jackal closely misses you. The jackal barely misses you.
The jackal bites you but does no damage.
The orc hits you but does no damage. x2; The goblin hits you but does no damage.
The orc hits you but does no damage.
You shoot an arrow. The arrow closely misses the orc.
The jackal closely misses you.
The jackal bites you but does no damage. x2
The orc hits you but does no damage. The orc hits you with a +0 club.
The goblin hits you but does no damage.
The orc hits you from afar with a +0 trident!
You die...

........# ........#
..%....)# .# .........
.#.# #......##....#
.#...o.g.+....#
......hg##....## +#.
#...oh@)......# ....
...#..oo)......####....
#...........#.......
#.#...........#.......
...............#.....##
###............#.......
..%#.....#.##...?......
...#.#...#.##..........
.........#.............


You could see 4 orcs, 2 jackals and 2 goblins.

Vanquished Creatures
  Terence (D:2)
  Robin (D:3)
  2 adders (D:3)
  A worm (D:2)
  2 dart slugs (D:1)
  An orc (D:3)
  5 endoplasms
  12 goblins
  5 hobgoblins
  8 jackals
  3 quokkas (D:1)
  6 ball pythons
  5 bats
  5 frilled lizards
  A kobold (D:1)
  3 rats (D:1)
61 creatures vanquished.

Notes
Turn   | Place    | Note
-------+----------+-------------------------------------------
     0 | D:1      | qw the Naga Hunter began the quest for the Orb.
     0 | D:1      | Reached XP level 1. HP: 19/19 MP: 1/1
     0 | D:1      | 0 ||| qw: Version: 0.2-a-29-g511e9b1
     0 | D:1      | 0 ||| qw: Game counter: 5909
     0 | D:1      | 0 ||| qw: Always use a shield: true
     0 | D:1      | 0 ||| qw: God list: Okawaru
     0 | D:1      | 0 ||| qw: Allow faded altars: false
     0 | D:1      | 0 ||| qw: Do Orc after D:15 true
     0 | D:1      | 0 ||| qw: Do second Lair branch before Depths: true
     0 | D:1      | 0 ||| qw: Lair rune preference: random
     0 | D:1      | 0 ||| qw: Plans: Normal
     0 | D:1      | 0 ||| PLANNING D:1-11
    14 | D:1      | 14 ||| INVOKING Spit Poison.
    24 | D:1      | 24 ||| INVOKING Spit Poison.
    31 | D:1      | 31 ||| INVOKING Spit Poison.
    37 | D:1      | 37 ||| INVOKING Spit Poison.
    58 | D:1      | 58 ||| INVOKING Spit Poison.
    62 | D:1      | Reached skill level 4 in Ranged Weapons
    62 | D:1      | Reached XP level 2. HP: 26/26 MP: 2/2
    65 | D:1      | 65 ||| INVOKING Spit Poison.
    73 | D:1      | 73 ||| INVOKING Spit Poison.
    84 | D:1      | 84 ||| INVOKING Spit Poison.
    95 | D:1      | 95 ||| INVOKING Spit Poison.
   100 | D:1      | 100 ||| INVOKING Spit Poison.
   159 | D:1      | 159 ||| INVOKING Spit Poison.
   211 | D:1      | 211 ||| INVOKING Spit Poison.
   216 | D:1      | 216 ||| INVOKING Spit Poison.
   217 | D:1      | Reached XP level 3. HP: 30/32 MP: 3/3
   268 | D:1      | 268 ||| INVOKING Spit Poison.
   276 | D:1      | 276 ||| INVOKING Spit Poison.
   342 | D:1      | 342 ||| INVOKING Spit Poison.
   495 | D:1      | 495 ||| INVOKING Spit Poison.
   500 | D:1      | 500 ||| INVOKING Spit Poison.
   933 | D:1      | 933 ||| UPGRADING to +1 pair of gloves.
   938 | D:1      | 938 ||| UPGRADING to +0 helmet.
   943 | D:1      | 943 ||| UPGRADING to +0 cloak.
   948 | D:1      | 948 ||| READING scroll labelled IBBOLE BACYSO.
   949 | D:1      | 949 ||| READING scroll labelled IFAARA PELAU.
   950 | D:1      | 950 ||| DROPPING scroll of butterflies.
  1002 | D:2      | 1002 ||| INVOKING Spit Poison.
  1140 | D:2      | 1140 ||| INVOKING Spit Poison.
  1145 | D:2      | 1145 ||| INVOKING Spit Poison.
  1240 | D:2      | Noticed Terence
  1241 | D:2      | 1241 ||| INVOKING Spit Poison.
  1245 | D:2      | 1245 ||| INVOKING Spit Poison.
  1246 | D:2      | Killed Terence
  1247 | D:2      | Reached skill level 5 in Ranged Weapons
  1247 | D:2      | Reached XP level 4. HP: 19/39 MP: 4/4
  1355 | D:2      | 1355 ||| INVOKING Spit Poison.
  1360 | D:2      | 1360 ||| INVOKING Spit Poison.
  1366 | D:2      | 1366 ||| INVOKING Spit Poison.
  1400 | D:2      | 1400 ||| INVOKING Spit Poison.
  1431 | D:2      | 1431 ||| INVOKING Spit Poison.
  1492 | D:2      | 1492 ||| INVOKING Spit Poison.
  1647 | D:2      | 1647 ||| INVOKING Spit Poison.
  1652 | D:2      | 1652 ||| INVOKING Spit Poison.
  1661 | D:2      | 1661 ||| READING scroll labelled ILICURIBUN.
  1664 | D:2      | 1664 ||| READING scroll labelled BUATIT SAWOPH.
  1665 | D:2      | 1665 ||| READING scroll labelled AQISAO COAGIMI.
  1666 | D:2      | 1666 ||| READING scroll labelled ROBLACR GEIR.
  1667 | D:2      | 1667 ||| DRINKING 2 fuming sapphire potions.
  1675 | D:2      | 1675 ||| DROPPING potion of ambrosia.
  1696 | D:3      | 1696 ||| INVOKING Spit Poison.
  1699 | D:3      | 1699 ||| INVOKING Spit Poison.
  1700 | D:3      | 1700 ||| INVOKING Spit Poison.
  1707 | D:3      | 1707 ||| INVOKING Spit Poison.
  1710 | D:3      | 1710 ||| INVOKING Spit Poison.
  1734 | D:3      | Noticed Robin
  1736 | D:3      | 1736 ||| INVOKING Spit Poison.
  1739 | D:3      | 1739 ||| INVOKING Spit Poison.
  1741 | D:3      | Reached skill level 3 in Fighting
  1744 | D:3      | 1744 ||| INVOKING Spit Poison.
  1747 | D:3      | 1747 ||| INVOKING Spit Poison.
  1747 | D:3      | Killed Robin
  1748 | D:3      | Reached XP level 5. HP: 23/49 MP: 5/5
  1750 | D:3      | 1750 ||| INVOKING Spit Poison.
  1755 | D:3      | HP: 12/49 [jackal (1)]
  1757 | D:3      | 1757 ||| INVOKING Spit Poison.
  1758 | D:3      | HP: 5/49 [goblin/+0 dagger[Robin] (1)]
  1759 | D:3      | HP: 2/49 [orc/+0 trident (2)]
  1761 | D:3      | Mangled by an orc

Levels and vault maps discovered:
D:1:      dpeg_arrival_rooms_b, layout_basic
D:2:      layout_loops_ring, uniq_terence
D:3:      layout_basic, uniq_robin

Skill      XL: |  1  2  3  4 |
---------------+-------------+-----
Ranged Weapons | 4 5 |  5.3
Fighting       | 3 |  3.0
Dodging        | |  1.5
Stealth        | |  1.5

Action                     |  1- 3 |  4- 6 || total
---------------------------+-------+-------++-------
   Fire: Shortbow          |    58 |    57 ||   115
Ability: Spit Poison       |    23 |    18 ||    41
    Use: Scroll            |     2 |     4 ||     6
         Potion            |       |     1 ||     1
 Armour: Leather armour    |     2 |    69 ||    71
  Dodge: Dodged            |    10 |    69 ||    79

Table legend:
 A = Non-vault XP
 B = Vault XP
 C = Vault XP percentage of total XP
 D = Non-vault monster count
 E = Vault monster count
 F = Vault count percentage of total count
                 A         B        C        D         E       F
            +---------+---------+-------+---------+---------+-------
      Total |     114 |      70 |  38.0 |      50 |      11 |  18.0
            +---------+---------+-------+---------+---------+-------
        D:1 |      49 |       0 |   0.0 |      28 |       0 |   0.0
        D:2 |      31 |      36 |  53.7 |      16 |       1 |   5.9
        D:3 |      34 |      34 |  50.0 |       6 |      10 |  62.5
            +---------+---------+-------+---------+---------+-------
